 Seeded DCSS version 0.29-a0-8-g0446c0dae4 (webtiles) character file.

Game seed: 6591898363388657427 (custom seed)

42 innerfire433 the Skirmisher (level 3, -2/21 HPs)
             Began as a Kobold Chaos Knight on Jan 27, 2022.
             Was a Plaything of Xom.
             Slain by a jumping spider (shapeshifter) (5 damage)
             ... on level 2 of the Dungeon.
             The game lasted 00:01:32 (1652 turns).

innerfire433 the Skirmisher (Kobold Chaos Knight)   Turns: 1652, Time: 00:01:33

Health: -2/21      AC:  6    Str: 11    XL:     3   Next: 77%
Magic:  3/3        EV: 14    Int: 13    God:    Xom [.....*]
Gold:   100        SH:  0    Dex: 14    Spells: 2/2 levels left

rFire   . . .      SeeInvis .   a - +0 spear (chaos)
rCold   . . .      Faith    .   (no shield)
rNeg    . . .      Spirit   .   b - +2 leather armour
rPois   .          Reflect  .   (helmet restricted)
rElec   .          Harm     .   e - +0 cloak
rCorr   .          Rampage  .   (no gloves)
Will    .....                   (no boots)
Stlth   ++........              (no amulet)
HPRegen 0.07/turn               (no ring)
MPRegen 0.08/turn               (no ring)

@: no status effects
A: small, no large weapons, nightstalker 3, horns 2, frail 1, sense surroundings
1, screaming 1, sturdy frame 1
a: Renounce Religion


You were on level 2 of the Dungeon.
You worshipped Xom.
You were Xom's teddy bear.
You visited 1 branch of the dungeon, and saw 2 of its levels.

You collected 100 gold pieces.

Inventory:

Hand Weapons
 a - a +0 spear of chaos (weapon)
 f - a +0 trident
Armour
 b - a +2 leather armour (worn)
 c - a scarf of shadows
 e - a +0 cloak (worn)
Scrolls
 d - a scroll of noise {unknown}
 g - a scroll of teleportation {unknown}
 h - a scroll of vulnerability {unknown}


   Skills:
 + Level 3.7 Fighting
 * Level 3.1 Polearms
 + Level 1.3 Armour
 - Level 2.4 Dodging


You had 2 spell levels left.
You didn't know any spells.
Your spell library contained the following spells:

 Spells                   Type           Power      Damage    Failure   Level
 Conjure Flame            Conj/Fire      0%         6-21      69%         3
 Ignite Poison            Fire/Tmut/Pois 0%         N/A       69%         3
 Sticky Flame             Conj/Fire      0%         2d3       97%         4


Dungeon Overview and Level Annotations

Branches:
Dungeon (2/15)

Altars:
Xom

Shops:
D:1 (


Innate Abilities, Weirdness & Mutations

You are small and have problems with some larger weapons.
You are completely attuned to the shadows.
You have a pair of horns on your head.
You are frail. (-10% HP)
You passively map a small area around you.
You occasionally shout uncontrollably at your foes.
Your movements are slightly less encumbered by armour. (ER -2)


Message History

You hit the endoplasm but do no damage.
The endoplasm appears confused.
You hit the endoplasm.
The endoplasm changes into a shapeshifter!
The shapeshifter is moderately wounded.
The shapeshifter changes into a raiju!
You miss the raiju. You hit the raiju but do no damage. The raiju misses you.
You closely miss the raiju.
The raiju bursts into living lightning!
The living lightning hits you.
The raiju blinks!
The raiju bursts into living lightning!
The living lightning misses you.
The raiju blinks!
You reach to attack!
You hit the raiju but do no damage.
The raiju is poisoned.
You closely miss the raiju. You headbutt the raiju.
The raiju is lightly wounded.
The raiju bursts into living lightning!
The living lightning misses you.
The raiju blinks!
You barely miss the raiju. Your headbutt misses the raiju.
The raiju is lightly wounded.
The raiju bites you. The raiju shocks you!
* * * LOW HITPOINT WARNING * * *
You closely miss the raiju. You headbutt the raiju.
The raiju is lightly wounded.
The raiju changes into a jumping spider!
You hit the jumping spider.
The jumping spider is lightly wounded. "There, this looks better."
The jumping spider barely misses you. The jumping spider misses you.
You hit the jumping spider but do no damage.
You headbutt the jumping spider.
The jumping spider is lightly wounded.
The jumping spider closely misses you. The jumping spider bites you.
* * * LOW HITPOINT WARNING * * *
You don't know any spells.
You aren't carrying any potions.
You hit the jumping spider.
The jumping spider is moderately wounded.
The jumping spider closely misses you. The jumping spider bites you.
You die...
Xom titters!

.### #.#.## ##
#....# # ###†.#
#<.#
###############._#
..>............._#
.###############.#
.....)..# #s#
#######.# #@#
.)......# #.#
######..# #.# #..#
#.# #..# #.# #..#
#.# #..####** *
#...... , #.#####
*


You could see a jumping spider shaped shifter.

Vanquished Creatures
  An adder (D:2)
  2 dart slugs
  3 ball pythons
  3 endoplasms
  2 giant cockroaches
  2 goblins (D:1)
  3 hobgoblins
  4 kobolds
  4 bats (D:1)
  A frilled lizard (D:2)
  3 rats
28 creatures vanquished.

Notes
Turn   | Place    | Note
-------+----------+-------------------------------------------
     0 | D:1      | innerfire433 the Kobold Chaos Knight began the quest for
                  | the Orb.
     0 | D:1      | Reached XP level 1. HP: 14/14 MP: 1/1
     3 | D:1      | XOM: silly message
   116 | D:1      | Reached skill level 1 in Armour
   116 | D:1      | Reached XP level 2. HP: 17/19 MP: 2/2
   157 | D:1      | Found a faded altar of an unknown god.
   324 | D:1      | Found Qusuboad's Weapon Boutique.
   451 | D:1      | XOM: give mutations
   451 | D:1      | Gained mutation: You have a pair of small horns on your
                  | head. [Xom's grace]
   451 | D:1      | Gained mutation: You passively map a small area around you.
                  | [Xom's grace]
   451 | D:1      | Gained mutation: Your movements are slightly less
                  | encumbered by armour. (ER -2) [Xom's grace]
   652 | D:1      | XOM: give mutations
   652 | D:1      | Gained mutation: Your system is resistant to poisons.
                  | (rPois) [Xom's grace]
   652 | D:1      | Gained mutation: You have a pair of horns on your head.
                  | [Xom's grace]
   711 | D:1      | XOM: give mutations
   711 | D:1      | Gained mutation: You occasionally shout uncontrollably at
                  | your foes. [Xom's mischief]
   711 | D:1      | Gained mutation: You are frail. (-10% HP) [Xom's mischief]
   711 | D:1      | Lost mutation: Your system is resistant to poisons. (rPois)
                  | [Xom's mischief]
   866 | D:1      | Reached XP level 3. HP: 20/20 MP: 3/3
  1432 | D:2      | XOM: cloud trail
  1639 | D:2      | Noticed a shapeshifter
  1639 | D:2      | an endoplasm changed into a shapeshifter
  1639 | D:2      | Noticed a raiju
  1639 | D:2      | a shapeshifter changed into a raiju
  1648 | D:2      | Noticed a jumping spider
  1648 | D:2      | a raiju changed into a jumping spider
  1649 | D:2      | XOM: scenery: create altars
  1652 | D:2      | Slain by a jumping spider (shapeshifter)

Illustrated notes

Levels and vault maps discovered:
D:1:      ncdulo_halloftheorcs, layout_basic,
          dreamdust_ecumenical_altar_hidden_monk_grotto, serial_shops, shop
D:2:      layout_loops_ring, basic_altar, serial_shops, shop, minmay_tripent

Skill      XL: |  1  2  3 |
---------------+----------+-----
Armour         | 1 |  1.3
Polearms       | 3 |  3.1
Fighting       | |  3.7
Dodging        | |  2.4

Action                   || total
-------------------------++-------
Melee: Spear             ||    85
       Headbutt          ||     5
 Stab: Sleeping          ||    11
Armor: Leather armour    ||    13
Dodge: Dodged            ||    36

Table legend: (Time is in decaauts)
 A = Elapsed time spent in this place.
 B = Non-inter-level travel time spent in this place.
 C = Inter-level travel time spent in this place.
 D = Time resting spent in this place.
 E = Time spent auto-exploring this place.
 F = Levels seen in this place.
 G = Mean time per level.
                   A        B        C        D        E       F      G
               +--------+--------+--------+--------+--------+-----+--------+
         Total |   1648 |   1565 |     83 |      0 |   1343 |   2 |  824.0 |
       Dungeon |   1648 |   1565 |     83 |      0 |   1343 |   2 |  824.0 |
               +--------+--------+--------+--------+--------+-----+--------+

Top non-repeatable levels by time:
     D:1: 1224 daAuts
     D:2: 424 daAuts
